 Dungeon Crawl Stone Soup version 0.29-a0-72-g1732ff48e7 (webtiles) character file.

Game seed: 17117495813094676948

21 Hubjo the Sneak (level 2, -1/16 HPs)
             Began as a Vampire Enchanter on Feb 3, 2022.
             Was a Follower of Uskayaw.
             Slain by a jackal (3 damage)
             ... on level 2 of the Dungeon.
             The game lasted 00:01:33 (223 turns).

Hubjo the Sneak (Vampire Enchanter)                  Turns: 223, Time: 00:01:34

Health: -1/16      AC:  2    Str:  7    XL:     2   Next: 65%
Magic:  5/5        EV: 12    Int: 17    God:    Uskayaw [*.....]
Gold:   0          SH:  0    Dex: 14    Spells: 5/5 levels left

rFire   . . .      SeeInvis +   a - +1 dagger
rCold   + + .      Faith    .   (no shield)
rNeg    + + +      Spirit   .   b - +0 robe
rPois   ∞          Reflect  .   (no helmet)
rElec   .          Harm     .   (no cloak)
rCorr   .          Rampage  .   (no gloves)
Will    .....                   (no boots)
Stlth   +++++.....              (no amulet)
HPRegen 0.00/turn               (no ring)
MPRegen 0.09/turn               (no ring)

@: bloodless, inhibited regen
A: bloodless, fangs 3, see invisible, vampiric 1
a: Revivify, Renounce Religion, Stomp


You were on level 2 of the Dungeon.
You worshipped Uskayaw.
Uskayaw was noncommittal.
You visited 1 branch of the dungeon, and saw 2 of its levels.

Inventory:

Hand Weapons
 a - a +1 dagger (weapon)
Armour
 b - a +0 robe (worn)
Scrolls
 e - a scroll of holy word {unknown}
Potions
 c - a potion of invisibility
 d - a potion of cancellation {unknown}
 f - 2 potions of resistance {unknown}


   Skills:
 * Level 0.9 Fighting
 + Level 1.5 Short Blades
 + Level 2.4 Dodging
 * Level 4.9 Stealth
 - Level 2.0 Spellcasting
 + Level 4.6 Hexes


You had 5 spell levels left.
You didn't know any spells.
Your spell library contained the following spells:

 Spells                   Type           Power      Damage    Failure   Level
 Confusing Touch          Hex            17%        N/A       9%          3
 Tukima's Dance           Hex            17%        N/A       9%          3
 Ensorcelled Hibernation  Hex/Ice        18%        N/A       11%         2
 Dazzling Flash           Conj/Hex       18%        N/A       22%         3
 Summon Guardian Golem    Hex/Summ       9%         N/A       22%         3
 Orb of Destruction       Conj           0%         9d5       100%        7
 Spellforged Servitor     Conj/Summ      0%         N/A       100%        7


Dungeon Overview and Level Annotations

Branches:
Dungeon (2/15)

Altars:
Uskayaw


Innate Abilities, Weirdness & Mutations

You do not regenerate when monsters are visible.
You are frail without blood (-20% HP).
You can heal yourself when you bite living creatures.
You are immune to poison.
You have razor-sharp teeth.
You have supernaturally acute eyesight. (SInv)
You are afflicted with vampirism.


Message History

The helpless gnoll fails to defend itself.
You bite the gnoll, and draw its blood! You impale the gnoll!!
You kill the gnoll!
The helpless endoplasm fails to defend itself.
You impale the endoplasm!!
You kill the endoplasm!
Things that are here:
a +0 spear; a gnoll corpse A giant cockroach comes into view.
Found a stone staircase leading down.
The helpless giant cockroach fails to defend itself.
You puncture the giant cockroach!
You kill the giant cockroach!
There is a stone staircase leading down here.
You climb downwards.
There is a stone staircase leading up here.
A jackal comes into view.
Found a stone staircase leading up.
The jackal barks! x2
You completely miss the jackal. Your bite misses the jackal.
A bat comes into view.
The jackal misses you. The jackal bites you.
The jackal bites you but does no damage.
The bat moves out of view.
You barely miss the jackal. The jackal closely misses you.
The jackal barely misses you. The jackal bites you.
You barely miss the jackal. The jackal bites you. x2
The jackal barely misses you.
You hit the jackal.
The jackal is moderately wounded.
The bat barely misses you. The jackal bites you.
* * * LOW HITPOINT WARNING * * *
The jackal bites you.
* * * LOW HITPOINT WARNING * * *
The jackal closely misses you. The jackal barely misses you.
You hit the jackal.
The jackal is heavily wounded.
The bat closely misses you. The jackal completely misses you.
The jackal misses you. The jackal bites you.
You die...

####.###
.......#
#.#....# #
##.. ...##..
... .....
#.# <..#
#.###.##h..#
#....<.@h..#
#####...hb.#
####..## ♣.#
.# ##


You could see 3 jackals and a bat.

Vanquished Creatures
  A gnoll (D:1)
  3 endoplasms (D:1)
  2 giant cockroaches (D:1)
  2 hobgoblins (D:1)
  A ball python (D:1)
  2 frilled lizards (D:1)
11 creatures vanquished.

Notes
Turn   | Place    | Note
-------+----------+-------------------------------------------
     0 | D:1      | Hubjo the Vampire Enchanter began the quest for the Orb.
     0 | D:1      | Reached XP level 1. HP: 13/13 MP: 3/3
    91 | D:1      | Found a faded altar of an unknown god.
   116 | D:1      | Prayed at the altar of an unknown god.
   116 | D:1      | Became a worshipper of Uskayaw the Reveller
   116 | D:1      | Reached * piety under Uskayaw
   151 | D:1      | Reached XP level 2. HP: 16/16 MP: 5/5
   223 | D:2      | Slain by a jackal

Illustrated notes

Levels and vault maps discovered:
D:1:      eino_arrival_cavern_c, layout_basic,
          shapermc_ecumenical_altar_totnotflames
D:2:      layout_loops_corners, serial_forest, infiniplex_forest_straight_4,
          infiniplex_forest_lined_corner, infiniplex_forest_straight_4,
          infiniplex_forest_lined_3, infiniplex_forest_corner_1,
          infiniplex_forest_clump_medium, infiniplex_forest_clump_medium,
          infiniplex_forest_end_double, minmay_hexomino_u4

Action                   || total
-------------------------++-------
Melee: Dagger            ||    17
       Bite              ||     2
 Abil: Exsanguinate      ||     1
 Stab: Sleeping          ||     9
Armor: Robe              ||     2
Dodge: Dodged            ||    10

Table legend: (Time is in decaauts)
 A = Elapsed time spent in this place.
 B = Non-inter-level travel time spent in this place.
 C = Inter-level travel time spent in this place.
 D = Time resting spent in this place.
 E = Time spent auto-exploring this place.
 F = Levels seen in this place.
 G = Mean time per level.
                   A        B        C        D        E       F      G
               +--------+--------+--------+--------+--------+-----+--------+
         Total |    221 |    103 |    118 |      0 |     27 |   2 |  110.5 |
       Dungeon |    221 |    103 |    118 |      0 |     27 |   2 |  110.5 |
               +--------+--------+--------+--------+--------+-----+--------+

Top non-repeatable levels by time:
     D:1: 215 daAuts
     D:2: 6 daAuts
